puck, lawful female human Valkyrie `#### -------------...----------------- # ------ |...............................| ##.....| .------------......-----------..# |....| |.|==/|...|%!|.....+..|(.(|...|.|# |...<| |.|%(*|...|%%|....... |((.|...|.|# |....| ..|(*!|...|..|.....| |...|...|.|# |....| |.|...|...||--.....-----|---|--..# --|--- |.-|---|-.-.....................|### ## |...[..(...)..{......{).........| # # |.-|---.|--....-|----...........| ### #### ......|...|.-..|....|.------|...| # -.----- |.|(((|......+......|.|..|..(...|########......| |.|(((|......|.|.._.|.+..|....|.| # |...>.| |.|((.|...|..|.|....|....|....|.| ##-.....| |.------------.----.-.-...-.--..| ------- |.@.n..Y......................... --------------------------------- puck the Fighter Experience level: 6 Strength: 19 Dexterity: 12 Constitution: 18 Intelligence: 8 Wisdom: 11 Charisma: 7 Health: 0(46) Energy: 12(12) Def: 5 Gold: 0 Moves: 1473 Dungeon seed: fewHVNagmcRtozij Game ID: puck_1559508076 Your Inventory: Weapons a - an uncursed +1 long sword (weapon in hand) b - 6 uncursed +0 daggers (in quiver) Armor e - an uncursed +3 small shield (being worn) r - an uncursed +0 elven leather helm (being worn) Comestibles c - 3 uncursed food rations k - an uncursed banana m - an uncursed tin of spinach Potions g - an uncursed potion of paralysis h - an uncursed potion of sickness Rings j - an uncursed ring of sustain ability (on left hand) Tools d - an uncursed oil lamp (0:1011) o - an uncursed skeleton key s - an uncursed towel t - 7 uncursed tallow candles (0:200) Spells and supernatural/magical abilities: Name Level Category Cost Memory W - pray for help -- divine ? -- Your skills at the end: Fighting Skills wands [Basic] Weapon Skills dagger [Basic] long sword [Basic] Spellcasting Skills Final Attributes: You were piously aligned. You were immune to cold. You were stealthy. You had fixed abilities. Tyr was noncommittal. You are dead. Vanquished creatures: a gnome king an imp an orc shaman 3 gnome lords 2 gnomish wizards 2 dwarves a homunculus a large kobold 2 cave spiders 21 gnomes 2 garter snakes 2 jackals a fox a goblin 2 grid bugs 2 lichens 45 creatures vanquished. Voluntary challenges: You used a wielded weapon 55 times, starting on turn 129. You were illiterate. You never genocided any monsters. You never polymorphed an object. You never changed form. You used no wishes. You never split a pudding. You never wrote Elbereth's name. You never violated your personal moral code. Dungeon overview: The Dungeons of Doom: levels 1 to 4 Level 1 a long staircase Level 2 Level 3 Level 4 a fountain, a sink, a vault stairs to The Gnomish Mines The Gnomish Mines: levels 5 to 7 Level 5 stairs to The Dungeons of Doom Level 6 Level 7 <- You were here many shops, a temple to Loki, some fountains History has recorded: On T:1 you entered the Dungeons of Doom to retrieve the Amulet of Yendor! On T:63 you reached level 2 of The Dungeons of Doom. On T:322 you reached level 3 of The Dungeons of Doom. On T:404 you reached level 4 of The Dungeons of Doom. On T:406 you advanced to experience level 2. On T:608 you reached level 1 of The Gnomish Mines. On T:622 you advanced to experience level 3. On T:736 you advanced to experience level 4. On T:900 you reached level 2 of The Gnomish Mines. On T:955 you advanced to experience level 5. On T:1055 you reached level 3 of The Gnomish Mines. On T:1352 you advanced to experience level 6. Score breakdown: Gold: 0 ( 0 points) Experience: 6 levels (12456 points) Exploration: 7 levels ( 13.73%) (10392 points) Discoveries: 3 items ( 1.20%) ( 3286 points) Valuables value: (no points given unless you survive) Artifact value: 0 ( 0 points) Variety of kills: 16 monsters ( 4.21%) ( 6155 points) Turncount: 1473 turns ( 0 points) Survival: died (score multiplied by 80%) Total score: 25831 Latest messages: You are now wearing an agate ring. You stop exploring. You see here a magic chest containing 1 item. Please move the cursor to an unknown object. A mountain nymph on the floor of a room. Done. You hit the mountain nymph! The mountain nymph charms you. You gladly start removing your armor. She stole a +0 chain mail. The mountain nymph pretends to be friendly. The mountain nymph tries to charm you, but is dismayed by your lack of response. (3x) The mountain nymph stole an uncursed wand of magic missile. The mountain nymph zaps an uncursed wand of magic missile! The magic missile hits you! The mountain nymph zaps an uncursed wand of magic missile! The magic missile hits you! You finish disrobing. [5 turns] The mountain nymph zaps an uncursed wand of magic missile! The magic missile bounces! The magic missile hits you! You die... Final status: Farvel puck the Valkyrie, killed by a magic missile... You died in The Gnomish Mines on dungeon level 7 with 25831 points, and 0 pieces of gold, after 1473 moves. You were level 6 with a maximum of 46 hit points when you died.